[Event "Prague Festival Open 2022"]
[Site "Prague"]
[Date "2022.06.15"]
[Round "7.6"]
[White "Stremavicius, Titas"]
[Black "Seemann, Jakub"]
[Result "1/2-1/2"]
[ECO "A27"]
[WhiteElo "2508"]
[BlackElo "2363"]
[Annotator "TA"]
[PlyCount "68"]
[EventDate "2022.06.10"]
[EventType "swiss"]
[EventCountry "CZE"]
[SourceTitle "playchess.com"]
[Source "ChessBase"]
[SourceQuality "1"]
[TimeControl "40/5400+30:1800+30"]

1. c4 e5 2. Nc3 d6 3. g3 Nc6 4. Nf3 Nd4 5. Bg2 Nxf3+ 6. Bxf3 {[%emt 0:00:47] [#] A27: English Opening: Three Knights Variation.} f5 $146 ({Predecessor:} 6... c6 7. d4 exd4 8. Qxd4 Be6 9. O-O Bh3 10. Rd1 h5 11. Ne4 f6 12. Bf4 c5 13. Qd5 Qc7 14. Nxd6+ {1-0 (14) Molina,V (822)-Trebichalsky,R (642) LSS email 2012}) 7. d4 e4 8. Bg2 {[%emt 0:00:10] White is slightly better.} Nf6 9. f3 exf3 10. exf3 Be7 11. O-O O-O 12. a3 Be6 13. Qd3 c6 14. d5 cxd5 15. cxd5 Bf7 16. Qxf5 (16. Bh3 $5 ) 16... Bg6 17. Qf4 Ne4 18. Qe3 (18. Nxe4 Rxf4 19. Bxf4 Qb6+ 20. Kh1 Bxe4 21. fxe4 g5 $17) 18... Nxc3 19. Qxc3 Bf6 20. Qb4 Re8 {[%emt 0:04:27] Inhibits Be3.} 21. Bf4 Re2 (21... a5 $5 22. Qb5 (22. Qxb7 Re2 $17) (22. Qxd6 Qxd6 23. Bxd6 Bd3 $11) 22... Ra6 $11) 22. Rad1 (22. Bxd6 $2 Rxb2 23. Qf4 Qb6+ 24. Kh1 Rxg2 $1 25. Kxg2 Bxa1 $19) 22... Rc8 {[%emt 0:12:54] White must now prevent ...a5.} 23. Rd2 ({But not} 23. Qxd6 $2 Rcc2 24. Qxd8+ Bxd8 $19) ({Not} 23. Bxd6 $2 Rxb2 24. Bh3 Rxb4 $19) ({Avoid the trap} 23. Qxb7 $2 Rcc2 24. Rd2 Rexd2 25. Bxd2 Rxd2 $19) 23... Rxd2 24. Bxd2 Rc2 25. b3 Bf7 26. Bf4 Bxd5 27. Rd1 Bc6 28. Rxd6 {[%emt 0:12:54] [#]} Qe8 {[%emt 0:04:30] Threatens to win with ...Qe2.} 29. Rxf6 gxf6 30. Bf1 $2 (30. Bh6 $17) 30... Bxf3 $19 {[%emt 0:02:07][%cal Oa7a5] aiming for ...a5!} 31. Bh6 Bd5 $2 (31... Qd8 $19 {...Kf7 is the strong threat.} 32. Bc4+ Kh8) 32. Qg4+ $1 $11 {[%emt 0:02:26] The position is equal.} Qg6 33. Qd7 {[%emt 0:00:07] The board is on fire.} Qxh6 34. Qxd5+ Kh8 {[%emt 0:00:04] Weighted Error Value: White=0.20 (precise) /Black=0.17 (very precise)} 1/2-1/2

[Event "Prague Festival Open 2022"]
[Site "Prague"]
[Date "2022.06.15"]
[Round "7.7"]
[White "Sorm, Daniel"]
[Black "Popovic, Dusan"]
[Result "0-1"]
[ECO "E71"]
[WhiteElo "2306"]
[BlackElo "2480"]
[Annotator "TA"]
[PlyCount "84"]
[EventDate "2022.06.10"]
[EventType "swiss"]
[EventCountry "CZE"]
[SourceTitle "playchess.com"]
[Source "ChessBase"]
[SourceQuality "1"]
[TimeControl "40/5400+30:1800+30"]

1. d4 Nf6 2. c4 g6 3. Nc3 Bg7 4. e4 d6 5. h3 Nbd7 6. Bd3 e5 {[%emt 0:03:47] E71: King's Indian: 4 e4 d6 5 h3.} 7. d5 h5 {[%emt 0:01:41] [#]} (7... c6 $14) 8. g3 $146 ({White should try} 8. Nf3 $16) ({Predecessor:} 8. Nf3 a5 9. Be3 Bh6 10. Qd2 Bxe3 11. fxe3 Qe7 12. O-O-O Nc5 13. Bc2 a4 14. Rhf1 {0-1 (60) Nikolaidis,I (2545)-Kanakaris,G (2372) Lamia 2021}) 8... c6 {[%emt 0:03:55] White has an edge.} 9. Nge2 a5 10. Be3 (10. Bg5 {is more complex.} Nc5 11. Kf1 Bd7 12. Kg2) 10... Nc5 11. Bc2 cxd5 12. cxd5 (12. Bxc5 $5 dxc5 13. exd5 $11 (13. Nxd5 Nxd5 14. Ba4+ Bd7 $11)) 12... Bh6 13. Bxh6 (13. Bxc5 $5 dxc5 14. Ba4+ Bd7 15. Qd3 $14) 13... Rxh6 14. Qd2 Rh8 15. Qe3 Bd7 16. f4 Qe7 17. a4 {[%emt 0:00:29] Prevents b5.} (17. fxe5 $142 Qxe5 18. Nd4) 17... Rc8 18. Kd2 Kd8 {[%emt 0:10:51] White should prevent ...exf4.} 19. Raf1 (19. Rae1 $1 $11) 19... Re8 $17 20. f5 gxf5 21. exf5 e4 22. Qd4 Qe5 23. Ke3 Qxd4+ (23... Bxf5 24. Qxe5 Rxe5 25. Nd4 Nxd5+ 26. Nxd5 $16) 24. Kxd4 Re5 25. Rf4 ({White should play} 25. g4) 25... Nd3 {[%emt 0:09:26] Black is much more active.} ({Don't play} 25... Rxf5 26. Rxf5 Bxf5 27. Rf1 Ne6+ 28. dxe6 fxe6 29. Bxe4 Nxe4 30. Nxe4 $18) (25... Na6 $17 {aiming for ...b5.} 26. Rc1 Nb4 27. Bxe4 Rc5) 26. Bxd3 $15 exd3 27. Nc1 {[%emt 0:00:20][%mdl 8192] [#] Loses the game.} (27. Kxd3 $15 Bxf5+ 28. Kd2) 27... Nxd5 $1 28. Nxd5 {[%emt 0:01:19] [#]} d2 $1 (28... Bc6 29. Rd1 Bxd5 30. Kxd3 $17) 29. Nc3 {[%emt 0:06:38] [#] And now Nd3 would win.} Re1 $1 {[%emt 0:00:43] Chess con chili.} ({Inferior is} 29... dxc1=R 30. Rxc1 Bxa4 31. Kd3 $17) 30. Nb3 Rxh1 31. Nxd2 Rxh3 32. Nde4 (32. Nc4 {keeps fighting.} Rxc4+ 33. Kxc4) 32... Rh2 $19 33. Rh4 Rxh4 {[%emt 0:00:34] Black is clearly winning.} 34. gxh4 {[%emt 0:00:04][%mdl 4096] Endgame KRB-KNN} Rc6 35. f6 Be6 36. Nb5 Kd7 {[%emt 0:00:15] ...Rc4+ is the strong threat.} 37. Ke3 Rc2 38. Nexd6 b6 39. Kf4 Rg2 40. Ne4 Rg4+ 41. Ke5 Rxh4 42. Nd4 Rg4 {[%emt 0:01:21] Weighted Error Value: White=0.52/Black=0.13 (very precise)} 0-1

[Event "Prague Festival Open 2022"]
[Site "Prague"]
[Date "2022.06.15"]
[Round "7.8"]
[White "Docekal, Jan"]
[Black "Sedlak, Nikola"]
[Result "0-1"]
[ECO "A26"]
[WhiteElo "2244"]
[BlackElo "2476"]
[Annotator "TA"]
[PlyCount "54"]
[EventDate "2022.06.10"]
[EventType "swiss"]
[EventCountry "CZE"]
[SourceTitle "playchess.com"]
[Source "ChessBase"]
[SourceQuality "1"]
[TimeControl "40/5400+30:1800+30"]

1. c4 Nf6 2. Nc3 g6 3. g3 Bg7 4. Bg2 O-O 5. Nf3 d6 6. O-O e5 7. d3 Nc6 8. Rb1 a5 9. a3 Nd4 10. b4 axb4 11. axb4 c6 12. b5 Bg4 13. Nxd4 {[%emt 0:03:18] A26: English Opening vs King's Indian with ...Nc6 and d3.} exd4 14. Ne4 Nxe4 15. Bxe4 {[%emt 0:00:13] [#] The position is equal.} Ra2 $146 ({Predecessor:} 15... d5 16. Bg2 dxc4 17. bxc6 bxc6 18. dxc4 Ra2 19. Re1 Qa5 20. h3 Bf5 21. Rb2 Rxb2 22. Bxb2 {0-1 (78) Grochal,J (2196)-Perske,T (2377) Vlissingen 2016}) 16. Re1 Qd7 17. bxc6 bxc6 18. Rb6 d5 (18... Qa7 $5 19. Rb3 (19. Rxc6 Bd7 $15) 19... Rc8 $11) 19. cxd5 cxd5 20. Bf3 Bxf3 21. exf3 Ra1 {[%emt 0:04:43] [#] And now ...Qc7 would win.} 22. Qc2 {[%emt 0:06:20] Inhibits Qc7.} Rc8 23. Qb2 Qa7 {[%emt 0:00:31][%cal Oa1c1] ...Raxc1! is the strong threat.} 24. Rb5 h5 25. Qd2 $2 {[%emt 0:11:56][%mdl 8192] [#]} ({But not} 25. Rxd5 Kh7 $11) (25. Kg2 $14 {keeps the upper hand.}) 25... Qa6 $19 26. Rb3 ({Reject} 26. Rxd5 Qc6 27. Qb2 Rxc1 $19) 26... Qc6 27. Bb2 (27. Kg2 $142 Rxc1 28. Rxc1 Qxc1 29. Qxc1 Rxc1 30. Rb5) 27... Qc2 {[%emt 0:00:16] Weighted Error Value: White=0.83/Black=0.08 (flawless)} 0-1

[Event "Prague Festival Open 2022"]
[Site "Prague"]
[Date "2022.06.15"]
[Round "7.9"]
[White "Wagner, Dennis"]
[Black "Sokolovsky, Yahli"]
[Result "1-0"]
[ECO "C84"]
[WhiteElo "2586"]
[BlackElo "2369"]
[Annotator "TA"]
[PlyCount "81"]
[EventDate "2022.06.10"]
[EventType "swiss"]
[EventCountry "CZE"]
[SourceTitle "playchess.com"]
[Source "ChessBase"]
[SourceQuality "1"]
[TimeControl "40/5400+30:1800+30"]

1. e4 e5 2. Nf3 Nc6 3. Bb5 a6 4. Ba4 Nf6 5. O-O Be7 6. d3 b5 7. Bb3 O-O 8. a4 Bb7 9. Nc3 Na5 {[%emt 0:02:47] C84: Closed Ruy Lopez: Unusual White 6th moves.} 10. Bd5 c6 11. Ba2 b4 {[%emt 0:04:38] The position is equal.} 12. Ne2 d6 13. c3 c5 14. cxb4 cxb4 15. Ng3 Rb8 16. Bd2 {[%emt 0:06:55] [#]} Bc8 $146 ({Predecessor:} 16... d5 17. Nxe5 dxe4 18. dxe4 Nxe4 19. Nxe4 Bxe4 20. Qe2 Bd5 21. Bxd5 Qxd5 22. Rad1 Qe6 23. Rfe1 Bf6 {1-0 (69) Aveskulov,V (2529)-Ben Artzi,I (2419) Chess.com INT 2015}) 17. Rc1 Nd7 (17... Bg4 $14 {should be considered.}) 18. d4 $16 exd4 19. Nxd4 Nc5 (19... Bf6 $14 {deserves consideration.} 20. Ngf5 Nc5) 20. Be3 (20. Ndf5 $16) 20... Bf6 (20... g6 $11) 21. Bd5 Bb7 22. Nh5 {[%emt 0:06:35] Threatens to win with Nf5.} Nxe4 $2 (22... Bxd5 $11 {and Black is okay.} 23. exd5 (23. Nxf6+ Qxf6 24. exd5 Rfe8 $14) 23... Re8) 23. Bxb7 $1 $18 Rxb7 24. Qg4 $2 (24. Nf5 $1 $18) 24... Bxd4 $14 25. Bxd4 f5 26. Qe2 {[%emt 0:01:16][%mdl 1024] White has compensation.} Qa8 (26... Qg5 $14) 27. f3 $16 Nc5 28. Rfe1 (28. Bxc5 $6 dxc5 29. Rfe1 (29. Rxc5 Qa7 $11) 29... Rbf7 $11) ({White should try} 28. Nxg7 $16 {Nh5 is the strong threat.} Rxg7 29. Bxg7 Kxg7 30. Qe7+ Kg8 31. Qxd6) 28... Ncb3 (28... Nab3 $11 {keeps the balance.} 29. Rcd1 Nxd4 30. Rxd4 a5) 29. Qe6+ Kh8 30. Rcd1 Nxd4 31. Rxd4 Nc6 32. Rdd1 (32. Rxd6 $2 Re7 33. Rxc6 (33. Qxe7 $2 Nxe7 34. Rxe7 Qc8 $19) 33... Rxe6 34. Rcxe6 g6 $19) 32... Qa7+ {[%emt 0:02:08] [#]} 33. Kh1 {[%emt 0:00:02] Active counter play!} ({Better is} 33. Kf1 $1 $16 {[%cal Oe6e8] aiming for Qe8!} Rd7 34. Qxf5) 33... Rd7 {[%emt 0:00:11] [#]} (33... Re7 $14 34. Qxd6 {[#]} Rfe8 $1 35. Rxe7 Qxe7 36. Qxe7 (36. Qxc6 $2 Qe1+ 37. Rxe1 Rxe1#) 36... Nxe7) 34. Qxf5 $1 $40 {[%emt 0:01:32][%cal Rf5f8][%mdl 128] White is out for blood.} Rdd8 35. Qe4 Ne5 (35... Qd7 $142) 36. Qxb4 Rb8 (36... a5 $16 {is a better defense.} 37. Qe4 Ng6) 37. Qxd6 $18 Nc4 38. Qe6 Qc5 (38... Qf7 $142 39. Qxf7 (39. Qxa6 Nxb2 40. Ng3 Nxd1 $17) 39... Rxf7) 39. Nxg7 {[%emt 0:00:32] Black must now prevent Qh6.} ({Not} 39. Qxa6 Nxb2 40. Ng3 Nxd1 41. Rxd1 Rfd8 $17) 39... Kxg7 (39... Rb6 $18 40. Qe4 Nd6) 40. Rd7+ Kh8 41. Qh6 {[%emt 0:02:49] Weighted Error Value: White=0.20 (precise) /Black=0.54} 1-0

[Event "Prague Festival Open 2022"]
[Site "Prague"]
[Date "2022.06.15"]
[Round "7.10"]
[White "Stefansson, Hannes"]
[Black "Wagh Suyog"]
[Result "1-0"]
[ECO "B52"]
[WhiteElo "2534"]
[BlackElo "2352"]
[Annotator "TA"]
[PlyCount "123"]
[EventDate "2022.06.10"]
[EventType "swiss"]
[EventCountry "CZE"]
[SourceTitle "playchess.com"]
[Source "ChessBase"]
[SourceQuality "1"]
[TimeControl "40/5400+30:1800+30"]

1. e4 c5 2. Nf3 d6 3. Bb5+ Bd7 4. c4 Bxb5 5. cxb5 Nf6 6. Nc3 {[%emt 0:00:48] B52: Sicilian: Moscow Variation with 3...Bd7.} Nbd7 7. d4 cxd4 8. Nxd4 {[%emt 0:00:14] White is slightly better.} g6 9. O-O Bg7 10. Qe2 O-O 11. Rd1 Rc8 12. a4 Qa5 {[%emt 0:16:49] [#]} 13. Nc2 $146 ({Predecessor:} 13. Bd2 Qb4 14. Be1 Qc4 15. Nc6 Qe6 16. Nxa7 Ra8 17. b6 Nxb6 18. Nab5 Rfc8 19. a5 {0-1 (52) De Jong,M (2336)-Van Foreest,J (2547) Groningen 2015}) 13... Rfe8 14. Ra3 Qc7 15. a5 Ne5 16. Ra4 e6 17. Be3 (17. Na3 $1 $14 {stays ahead.}) 17... Nc4 $17 18. Na3 Nxe3 (18... Nxa5 $2 19. b6 axb6 20. Nab5 $18) 19. Qxe3 Qb8 (19... d5 $1 $17 {[%cal Rd5d4] White must now prevent ...d4!} 20. g3 Ng4) 20. a6 {[%emt 0:08:19] [#]} (20. g3 $11 {keeps the balance.}) 20... b6 ({Black should play} 20... bxa6 $1 $17 21. Rxa6 d5) 21. Nc2 $1 $11 d5 {[%emt 0:02:08] Strongly threatening ...Nxe4.} 22. e5 (22. Nb4 $11) 22... Nd7 (22... Ne4 $1 $17 23. Nxe4 Rxc2) 23. f4 f6 24. exf6 Bxf6 25. Nd4 Qd6 26. Nc6 {[%emt 0:01:29] Pair of Knights!} Qc7 27. Qf2 Nb8 28. Nd4 Qg7 29. Nce2 Rc5 30. Ra3 Rc4 31. Rc3 Rxc3 32. bxc3 Qc7 33. h4 Nd7 34. h5 Nc5 35. hxg6 hxg6 (35... Ne4 $11 {deserves consideration.} 36. Qf3 hxg6) 36. Ng3 ({Better is} 36. Nc6 $14) 36... e5 37. Nde2 Ne4 (37... Qd7 $11 {remains equal.}) 38. Nxe4 $16 {[%emt 0:01:15] White stays focused until the end.} dxe4 39. f5 Be7 (39... Rf8 $16) 40. Qg3 $18 ({Not} 40. fxg6 $2 Bc5 41. Nd4 exd4 42. cxd4 Rd8 $19) 40... Bc5+ (40... g5 {was necessary.} 41. Qg4 Rf8) 41. Kf1 Qf7 42. Qxg6+ Qxg6 43. fxg6 {[%emt 0:00:00][%mdl 4096] Endgame KRB-KRN} Rf8+ 44. Ke1 Bf2+ 45. Kd2 {[%emt 0:00:00] aiming for Kc2.} Kg7 46. Kc2 {[%emt 0:00:00] Threatens to win with Rd7+.} Kxg6 47. Rd6+ Kg5 {[%emt 0:00:34] [#]} 48. Re6 $1 ({Weaker is} 48. Rd7 Ra8 $16) 48... Kf5 $2 (48... Rf5 {is a better defense.} 49. Re7 Be3 50. Rxa7 Rf2 51. Rg7+ Kf6) 49. Re7 e3 50. Rxa7 Rd8 51. Rb7 Rd2+ 52. Kb3 {[%emt 0:00:00] Threatening mate with a7.} Rd1 53. Rxb6 Ra1 54. Kb2 Ra5 55. c4 Ke4 56. Rd6 Be1 57. Kb3 Ra1 58. b6 {[%emt 0:00:00] White wants to mate with b7.} Rxa6 59. b7 Rxd6 60. b8=Q Rd3+ 61. Ka4 {[%emt 0:00:00] White threatens Qb7+ and mate.} Rd2 62. Qb1+ {[%emt 0:00:00] Weighted Error Value: White=0.14 (very precise) /Black=0.32} 1-0

[Event "Prague Festival Open 2022"]
[Site "Prague"]
[Date "2022.06.15"]
[Round "7.11"]
[White "Serrano Salvador, Eduardo"]
[Black "Alsina Leal, Daniel"]
[Result "0-1"]
[ECO "A43"]
[WhiteElo "2286"]
[BlackElo "2508"]
[Annotator "TA"]
[PlyCount "106"]
[EventDate "2022.06.10"]
[EventType "swiss"]
[EventCountry "CZE"]
[SourceTitle "playchess.com"]
[Source "ChessBase"]
[SourceQuality "1"]
[TimeControl "40/5400+30:1800+30"]

1. d4 Nf6 2. Nf3 c5 3. d5 b5 4. Bg5 g6 5. Bxf6 exf6 6. e4 {[%emt 0:00:59] A43: Schmid Benoni.} b4 $1 {[%emt 0:00:33][%mdl 4] is more profitable than 6...a6 at the moment.} 7. a3 Bg7 $1 {[%emt 0:03:43] [#]} 8. axb4 $146 {[%emt 0:03:22] The position is equal.} ({Predecessor:} 8. Bd3 O-O 9. O-O d6 10. Nbd2 Qc7 11. Nc4 a5 12. Qd2 Nd7 13. axb4 cxb4 14. Nd4 {0-1 (41) Adly,A (2625)-Hesham,A (2397) Krasnaya Polyana 2021}) 8... cxb4 9. c3 O-O 10. Bd3 ({Of course not} 10. cxb4 f5 $15) 10... bxc3 11. Nxc3 d6 12. O-O Bg4 13. h3 Bxf3 14. Qxf3 Nd7 15. Bb5 Nc5 16. Bc6 (16. b4 $142 Nb3 17. Ra2) 16... Rb8 $11 17. Rxa7 Rxb2 18. Na4 Nxa4 19. Rxa4 Qe7 20. Qa3 Rfb8 21. Ra8 {[%emt 0:01:49] [#] aiming for Qxb2.} Bf8 22. Qa7 Qxa7 23. Rxa7 Re2 {[%emt 0:00:39] Prevents Re1.} 24. Rb7 Rxb7 25. Bxb7 Rxe4 $17 {[%emt 0:00:25][%mdl 4096] Endgame KRB-KRB} 26. Ra1 Bh6 27. Ra2 f5 28. g3 f4 29. gxf4 (29. g4 $142) 29... Bxf4 ({Worse is} 29... Rxf4 30. Kg2 $17) 30. Bc6 Be5 31. Kg2 Kg7 32. Kf1 Rh4 33. Kg2 Rd4 34. Rc2 h5 35. Ra2 Kf8 $2 ({Better is} 35... f5 $19 {Threatens to win with ...Kf6.} 36. Rb2 Kf6) 36. Ra8+ $11 Kg7 (36... Ke7 $11) 37. Ra2 $1 $19 {[%emt 0:00:06] Black keeps a firm grip on the game.} Rd3 38. Rc2 Bd4 39. Bb5 Rb3 40. Be8 Bc5 {[%emt 0:01:04] Black is more active.} 41. Re2 Rd3 42. Bc6 Kf6 43. Ra2 Kg5 44. Re2 f5 45. Rc2 (45. Bb5 $142 Rxd5 46. Bc6) 45... h4 46. Re2 Kf4 {[%emt 0:00:25] [#] White must now prevent ...g5.} 47. Be8 $2 (47. Ra2 {is a better chance.}) 47... g5 {[%emt 0:00:31] And now ...g4 would win.} 48. Bf7 g4 49. hxg4 fxg4 (49... h3+ $142 50. Kh2 fxg4) 50. Re6 h3+ {[%emt 0:06:47] Black mates.} 51. Kh2 Bxf2 52. Rf6+ Kg5 53. Rg6+ Kf5 {[%emt 0:00:20] Weighted Error Value: White=0.50/Black=0.18 (very precise)} 0-1

[Event "Prague Festival Open 2022"]
[Site "Prague"]
[Date "2022.06.15"]
[Round "7.12"]
[White "Domalchuk-Jonasson, Aleksandr"]
[Black "Hilby, Craig"]
[Result "0-1"]
[ECO "A40"]
[WhiteElo "2190"]
[BlackElo "2420"]
[Annotator "TA"]
[PlyCount "80"]
[EventDate "2022.06.10"]
[EventType "swiss"]
[EventCountry "CZE"]
[SourceTitle "playchess.com"]
[Source "ChessBase"]
[SourceQuality "1"]
[TimeControl "40/5400+30:1800+30"]

1. d4 e6 2. c4 b6 3. Nc3 Bb7 4. e4 Bb4 5. Bd3 f5 6. Qh5+ g6 7. Qe2 Nf6 8. Bg5 h6 {[%emt 0:02:16] A40: Unusual replies to 1 d4.} 9. Bxf6 Qxf6 10. Nf3 Nc6 {[%emt 0:00:09][%cal Bb8c6,Bc6e7,Be7g6,Bg6f4][%mdl 32] The position is equal.} 11. e5 Qg7 12. O-O {[%emt 0:03:20] [#]} (12. a3 $11 {keeps the balance.} Bxc3+ 13. bxc3) 12... Bxc3 $146 (12... g5 $1 $17 {[%cal Rg5g4] Strongly threatening ...g4.} 13. a3 Be7) ({Predecessor:} 12... g5 13. Nb5 Kd8 14. a3 Be7 15. Rfe1 g4 16. Nd2 a6 17. d5 Nxe5 18. Nc3 Bd6 {0-1 (48) Kuchin,P (1980)-Omelja,A (2329) Alushta 2011}) 13. bxc3 $11 Ne7 14. a4 g5 15. a5 Ng6 16. a6 Bc6 17. d5 Nf4 18. Qe3 exd5 19. Nd4 dxc4 20. Nxf5 Qf7 (20... Qf8 $19 21. Be4 Nxg2 $1) 21. Be4 $17 O-O-O 22. Bxc6 (22. Nd4 $142 Bxe4 23. Qxe4) 22... Qxf5 ({Black should play} 22... dxc6 $17 23. Qe4 Rhe8) 23. Be4 $11 Qe6 24. Rad1 Rhe8 25. g3 Nh3+ 26. Kg2 {[%emt 0:00:08] Black must now prevent Bd5.} d5 $36 {[%emt 0:01:37][%mdl 2048] Black is pushing.} 27. Bc2 (27. Bb1 $15) 27... Kb8 $2 {[%emt 0:02:27] Black is more active.} (27... Rf8 $1 $17 {and life is bright.}) 28. f3 $2 ({White must play} 28. f4 $1 $16 ) 28... h5 (28... c5 $15) 29. Rd2 $2 (29. f4 $1 $14 {is the one way to stay ahead.} gxf4 30. gxf4) 29... Rh8 $4 (29... Rg8 $1 $19 {and all is fine. aiming for ...h4.} 30. Re1 Rgf8) 30. Rfd1 $2 (30. f4 $1 $18 ) 30... h4 $17 {[%emt 0:03:54] Threatens to win with ...hxg3.} 31. Qd4 (31. f4 $17 {might work better.}) 31... hxg3 $19 {[%emt 0:17:21] The board is on fire.} 32. hxg3 {[%emt 0:00:01] [#]} Rdg8 $1 33. Rf1 $2 ({Don't go for} 33. Qxd5 $2 {[#]} Nf4+ $1 34. Kf2 Nxd5 $19) (33. Kf1 $17 c6 34. Re1) 33... Qh6 34. Qg4 {[%emt 0:01:58] Prevents Nf4+.} Re8 ({Inferior is} 34... Nf4+ 35. Kf2 Qh2+ 36. Ke1 Ng2+ 37. Ke2 $19) 35. Re1 {[%emt 0:00:49] [#]} Nf4+ $1 36. gxf4 Qh2+ {[%emt 0:00:07][%mdl 64] Skewer, Double Attack} 37. Kf1 Qxd2 38. Qg2 Qxf4 {[%emt 0:01:13] ( -> ...g4)} 39. Qg4 Rh1+ 40. Kf2 Qh2+ {[%emt 0:00:23] Weighted Error Value: White=0.94/Black=0.51} 0-1

[Event "Prague Festival Open 2022"]
[Site "Prague"]
[Date "2022.06.16"]
[Round "8.1"]
[White "Motylev, Alexander"]
[Black "Sedlak, Nikola"]
[Result "1-0"]
[ECO "B12"]
[WhiteElo "2633"]
[BlackElo "2476"]
[Annotator "TA"]
[PlyCount "73"]
[EventDate "2022.06.10"]
[EventType "swiss"]
[EventCountry "CZE"]
[SourceTitle "playchess.com"]
[Source "ChessBase"]
[SourceQuality "1"]
[TimeControl "40/5400+30:1800+30"]

1. e4 c6 2. d4 d5 3. e5 c5 4. dxc5 e6 5. c3 Nc6 6. Nf3 {[%emt 0:00:48] B12: Caro-Kann: Advance Variation.} Bxc5 7. b4 Bb6 8. b5 {[%emt 0:00:51] The position is equal.} Nce7 9. Bd3 {[%emt 0:01:44] [#]} Ng6 $146 ({Predecessor:} 9... Qc7 10. O-O Bd7 11. Re1 Nh6 12. h3 O-O 13. a4 f6 14. exf6 Rxf6 15. Bg5 Rf7 {0-1 (48) Stefansson,H (2532)-Hjartarson,J (2523) Kopavogur 2021}) 10. O-O N8e7 11. a4 Bc7 12. Re1 f6 (12... a6 $14) 13. exf6 $16 {[%emt 0:02:03] White is more active.} gxf6 {[%emt 0:00:10] [#]} 14. c4 $1 dxc4 15. Bxc4 {[%emt 0:03:25] aiming for Qb3.} Qxd1 16. Rxd1 Ne5 17. Be2 Nd5 18. Bb2 Nf4 $1 19. Nxe5 {[%emt 0:01:28][%cal Oe2f3,Bf3e5,Be5g4,Bg4f6,Bf6e4][%mdl 32] Threatens to win with Bf3!} Nxe2+ 20. Kf1 Nf4 21. Ng4 e5 22. Nxf6+ Kf7 23. Ne4 Bf5 24. Nbc3 {[%emt 0:07:21] Pair of Knights!} Rhd8 25. f3 $36 {[%emt 0:10:39][%mdl 2048] White has the initiative.} Kg6 26. Ba3 Ba5 27. Rxd8 Rxd8 28. Rd1 $1 Rxd1+ 29. Nxd1 Be6 30. Ne3 {[%emt 0:00:46] Prevents Bc4+.} b6 {[%emt 0:03:59] Inhibits Nc5.} (30... Ba2 $142) 31. g3 Nh5 {[%emt 0:05:07] [#] Black cannot hold the game after this.} (31... Nd5 $16 {was necessary.} 32. Nc4 Bc3) 32. Ng4 $1 $18 Bb3 33. Nxe5+ Kg7 34. Nc6 Bxa4 35. Nxa7 Kg6 36. Bb2 {[%emt 0:02:24] Inhibits Nf6.} Ng7 37. Bc3 {[%emt 0:01:11] Against Bb4.  Weighted Error Value: White=0.02 (flawless) /Black=0.17 (very precise)} 1-0

[Event "Prague Festival Open 2022"]
[Site "Prague"]
[Date "2022.06.16"]
[Round "8.2"]
[White "Popovic, Dusan"]
[Black "Santiago, Yago De Moura"]
[Result "1/2-1/2"]
[ECO "A11"]
[WhiteElo "2480"]
[BlackElo "2498"]
[Annotator "TA"]
[PlyCount "48"]
[EventDate "2022.06.10"]
[EventType "swiss"]
[EventCountry "CZE"]
[SourceTitle "playchess.com"]
[Source "ChessBase"]
[SourceQuality "1"]
[TimeControl "40/5400+30:1800+30"]

1. Nf3 Nf6 2. g3 g6 3. b3 Bg7 4. Bb2 d5 5. c4 c6 6. Bg2 O-O 7. O-O a5 8. Nc3 {[%emt 0:02:15] now supersedes 8.d3.} Ne4 {[%emt 0:08:59] A11: English Opening: 1...c6.} 9. Na4 Bxb2 10. Nxb2 d4 {[%emt 0:01:33] [#] White is slightly better.} 11. e3 $146 ({Predecessor:} 11. Nd3 Na6 12. a3 Nec5 13. Nxc5 Nxc5 14. b4 Na6 15. d3 Bg4 16. Qd2 Bxf3 17. Bxf3 {1-0 (51) Dizdarevic,E (2509)-Kuzmanovic,S (2146) Zenica 2016}) 11... Bg4 12. Qc2 Bxf3 13. Bxf3 Nc5 14. Nd3 Nba6 {[%emt 0:02:03][%cal Bb8a6,Ba6c5,Bc5d7][%mdl 32] With the idea ...dxe3.} 15. Nxc5 {[%emt 0:01:01] The position is equal.} Nxc5 16. a3 Qd6 17. Rab1 Nd7 18. b4 axb4 19. axb4 Ra3 20. c5 Qf6 21. Bg2 Rfa8 22. Qe4 Ra2 23. Qxd4 Qxd4 24. exd4 {[%emt 0:00:05] aiming for d5.} Rxd2 {[%emt 0:01:08] An interesting draw.  Weighted Error Value: White=0.04 (flawless) /Black=0.02 (flawless)} 1/2-1/2